 Dungeon Crawl Stone Soup version 0.31.0-4-g52a2dc7128 (webtiles) character file.

Game seed: 12082955285011335836

405 shadowrider38 the Chopper (level 6, -5/56 HPs)
             Began as a Minotaur Fighter on Jan 22, 2024.
             Was an Initiate of Cheibriados.
             Slain by Pikel
             ... wielding a +2 whip of flaming
              (8 damage)
             ... on level 4 of the Dungeon.
             The game lasted 00:01:36 (2002 turns).

shadowrider38 the Chopper (Minotaur Fighter)        Turns: 2002, Time: 00:01:37

Health: -5/56      AC:  7    Str: 29    XL:     6   Next: 56%
Magic:  5/5        EV: 10    Int:  6    God:    Cheibriados [......]
Gold:   157        SH:  5    Dex: 11    Spells: 5/5 levels left

rFire   . . .        a - +0 war axe
rCold   . . .        c - +0 buckler
rNeg    . . .        b - +0 scale mail
rPois   .            (helmet restricted)
rElec   .            (no cloak)
rCorr   .            (no gloves)
SInv    .            (no boots)
Will    .....        (no amulet) Stlth
                     q - +6 ring of strength
HPRegen 0.29/turn    (no ring)
MPRegen 0.09/turn

%: no passive effects
@: mighty, very slow
A: horns 2, retaliatory headbutt
a: Renounce Religion


You were on level 4 of the Dungeon.
You worshipped Cheibriados.
Cheibriados was noncommittal.
You visited 1 branch of the dungeon, and saw 4 of its levels.

You collected 157 gold pieces.

Inventory:

Hand Weapons
 a - a +0 war axe (weapon)
 o - a +2 hand axe of distortion
Missiles
 x - 6 silver javelins (quivered)
Armour
 b - a +0 scale mail (worn)
 c - a +0 buckler (worn)
Jewellery
 q - a +6 ring of strength (left hand)
Scrolls
 e - a scroll of vulnerability {unknown}
 g - 2 scrolls of identify {unknown}
 k - a scroll of enchant armour {unknown}
 m - a scroll of revelation {unknown}
 n - 4 scrolls of noise {unknown}
 r - a scroll of enchant weapon {unknown}
 s - 2 scrolls of teleportation {unknown}
Potions
 f - a potion of curing {unknown}
 h - a potion of magic {unknown}
 i - a potion of ambrosia {unknown}
 j - a potion of berserk rage {unknown}
 l - a potion of lignification {unknown}
 p - 2 potions of resistance {unknown}
 t - a potion of enlightenment {unknown}


   Skills:
 + Level 5.1 Fighting
 * Level 5.5 Axes
 + Level 5.0 Armour
 + Level 0.9 Dodging
 + Level 5.0 Shields
 + Level 0.7 Invocations


You had 5 spell levels left.
You didn't know any spells.
Your spell library was empty.

Dungeon Overview and Level Annotations

Branches:
Dungeon (4/15) Zot: 33108  Temple (0/1) D:4

Altars:
Cheibriados
Xom
Yredelemnul

Shops:
D:4 *

Annotations:
D:4 Pikel


Innate Abilities, Weirdness & Mutations

You have a pair of horns on your head.
You reflexively headbutt those who attack you in melee.


Message History

You barely miss the lemure. You hit the lemure. The lemure hits you.
Pikel hits you with a +2 whip of flaming.
Pikel burns you. The lemure misses you.
You barely miss Pikel. Your headbutt misses Pikel.
Pikel is severely wounded.
You closely miss the lemure. You slash the lemure!
The lemure closely misses you.
Pikel hits you with a +2 whip of flaming!
Pikel burns you. The lemure hits you.
* * * LOW HITPOINT WARNING * * *
You hit Pikel.
Pikel is severely wounded.
You hit the lemure but do no damage. You slash the lemure!
You kill the lemure!
That felt strangely unrewarding.
Pikel barely misses you.
The lemure hits you but does no damage. x2; The lemure hits you.
* * * LOW HITPOINT WARNING * * *
Pikel hits you with a +2 whip of flaming.
* * * LOW HITPOINT WARNING * * *
Pikel burns you.
* * * LOW HITPOINT WARNING * * *
You closely miss Pikel.
Pikel is severely wounded.
You hit the lemure but do no damage. You closely miss the lemure.
The lemure hits you but does no damage. You block Pikel's attack.
The lemure hits you.
* * * LOW HITPOINT WARNING * * *
Okay, then.
You feel very mighty all of a sudden. The lemure barely misses you.
Pikel says, "You'll feel the lick of my whip!"
Pikel hits you with a +2 whip of flaming.
* * * LOW HITPOINT WARNING * * *
Pikel burns you.
* * * LOW HITPOINT WARNING * * *
The lemure completely misses you.
Throw: 6 javelins (silver)
Press: ? - help, Q - select action Shift-Dir - straight line
Okay, then.
You feel mightier all of a sudden. You block the lemure's attack.
Pikel barely misses you. The lemure hits you but does no damage.
Unknown command.
You closely miss Pikel.
Pikel is severely wounded.
You closely miss the lemure. You slash the lemure! The lemure hits you.
* * * LOW HITPOINT WARNING * * *
Pikel hits you with a +2 whip of flaming!
You die...
Pikel says, "Another soul for the market."

.#.......#.......#.......###.#
.')......####+####.......'.#<#
.#.......#.......#.......#...#
.#......##.......##......###.#
.#......+.........'......# #.#
####...##.........##...### #.#
#+#.#...........#.#+# #.#
####.....5.##### #.# #+#...#@#
#.# #####K5.# #.# .5...+
......# #.......# +.......#
#.......# #......##


You could see Pikel and 3 lemures.

Vanquished Creatures
  Sigmund (D:2)
  A lemure (D:4)
  A phantom (D:4)
  Robin (D:2)
  3 adders
  4 gnolls
  2 dart slugs
  3 ribbon worms
  3 bats
  6 endoplasms
  4 giant cockroaches
  18 goblins
  6 hobgoblins
  3 jackals
  13 kobolds
  A quokka (D:3)
  5 ball pythons
  A frilled lizard (D:1)
  6 rats
82 creatures vanquished.

Notes
Turn   | Place    | Note
-------+----------+-------------------------------------------
     0 | D:1      | shadowrider38 the Minotaur Fighter began the quest for the
                  | Orb.
     0 | D:1      | Reached XP level 1. HP: 19/19 MP: 0/0
    77 | D:1      | Reached XP level 2. HP: 27/27 MP: 1/1
   216 | D:1      | Reached skill level 3 in Axes
   225 | D:1      | Reached XP level 3. HP: 33/33 MP: 2/2
   378 | D:1      | Found a faded altar of an unknown god.
   559 | D:2      | Noticed Robin
   594 | D:2      | Killed Robin
   595 | D:2      | Reached XP level 4. HP: 37/40 MP: 3/3
   950 | D:2      | Noticed Sigmund
   961 | D:2      | Killed Sigmund
   962 | D:2      | Reached XP level 5. HP: 25/47 MP: 4/4
  1269 | D:3      | Reached XP level 6. HP: 55/55 MP: 5/5
  1269 | D:3      | Found a shimmering altar of Xom.
  1270 | D:3      | Found a snail-covered altar of Cheibriados.
  1285 | D:3      | Became a worshipper of Cheibriados the Contemplative
  1808 | D:4      | Found a staircase to the Ecumenical Temple.
  1871 | D:4      | Found Fietoass's General Store.
  1882 | D:4      | Found a basalt altar of Yredelemnul.
  1987 | D:4      | Noticed Pikel
  2002 | D:4      | Slain by Pikel

Illustrated notes

Levels and vault maps discovered:
D:1:      sevenhm_arrival_forest_fort_small_3, layout_basic,
          shapermc_ecumenical_altar_totnotflames, st_stairs_7,
          minmay_heptomino_h4
D:2:      minmay_angry_zag, layout_rooms, uniq_robin, uniq_sigmund
D:3:      layout_basic, nicolae_overflow_squiral, supply_closet_lemuel
D:4:      nicolae_cairo_tiling_very_big, layout_loops_ring,
          amcnicky_altar_gilded, minmay_temple_entry_statues, serial_shops,
          shop, uniq_pikel

Skill      XL: |  1  2  3  4  5  6 |
---------------+-------------------+-----
Axes           | 3 5 |  5.5
Shields        | 4 5 |  5.0
Fighting       | 4 5 |  5.1
Armour         | 4 5 |  5.0
Dodging        | |  0.9
Invocations    | |  0.7

Action                     |  1- 3 |  4- 6 || total
---------------------------+-------+-------++-------
  Melee: War axe           |    60 |    88 ||   148
         Headbutt          |     8 |     8 ||    16
    Use: Potion            |       |     2 ||     2
 Armour: Scale mail        |    49 |    69 ||   118
  Dodge: Dodged            |    39 |    51 ||    90
  Block: Buckler           |    15 |    23 ||    38
